 Dungeon Crawl Stone Soup version 0.31.0-11-ge490571c62 (webtiles) character file.

Game seed: 4906159435898046281

531 lonewolfV2 the Trooper (level 7, -6/58 HPs)
             Began as a Formicid Fighter on Feb 8, 2024.
             Mangled by a troll (9 damage)
             ... on level 5 of the Dungeon.
             The game lasted 00:08:06 (3634 turns).

lonewolfV2 the Trooper (Formicid Fighter)           Turns: 3634, Time: 00:08:07

Health: -6/58      AC: 10    Str: 21    XL:     7   Next: 48%
Magic:  7/7        EV:  9    Int:  7    God:
Gold:   76         SH:  5    Dex: 15    Spells: 6/6 levels left

rFire   . . .        a - +1 war axe
rCold   . . .        c - +0 buckler
rNeg    . . .        b - +0 scale mail
rPois   +            (helmet unavailable)
rElec   .            e - +2 cloak
rCorr   .            (no gloves)
SInv    +            (no boots)
Will    .....        (no amulet) Stlth
                     g - ring of poison resistance
HPRegen 0.29/turn    (no ring)
MPRegen 0.10/turn

%: no passive effects
@: no status effects
A: permanent stasis, dig shafts and tunnels, antennae 3, four strong arms
a: Dig, Shaft Self


You were on level 5 of the Dungeon.
You visited 1 branch of the dungeon, and saw 5 of its levels.

You collected 106 gold pieces.
You spent 30 gold pieces at shops.

Inventory:

Hand Weapons
 a - a +1 war axe (weapon)
Armour
 b - a +0 scale mail (worn)
 c - a +0 buckler (worn)
 e - a +2 cloak (worn)
Jewellery
 g - a ring of poison resistance (left hand)
Scrolls
 d - a scroll of identify
 f - a scroll of enchant weapon
 h - a scroll of poison
 i - a scroll of blinking
 l - 4 scrolls of revelation
 m - a scroll of butterflies
Potions
 j - 2 potions of cancellation
 p - a potion of invisibility


   Skills:
 + Level 6.1 Fighting
 + Level 5.6 Axes
 - Level 3.7 Armour
 - Level 0.3 Dodging
 - Level 4.2 Shields


You had 6 spell levels left.
You didn't know any spells.
Your spell library contained the following spells:

 Spells                   Type           Power      Damage    Failure   Level
 Freeze                   Ice            0%         1d3       83%         1
 Summon Small Mammal      Summ           0%         N/A       83%         1
 Jinxbite                 Hex            0%         N/A       92%         2
 Call Canine Familiar     Summ           0%         N/A       99%         3
 Frozen Ramparts          Ice            0%         1d1       99%         3
 Hailstorm                Conj/Ice       0%         3d5       99%         3
 Summon Blazeheart Golem  Fire/Summ      0%         N/A       100%        4
 Yara's Violent Unravell  Hex/Alch       0%         3d3       100%        5
 Enfeeble                 Hex            0%         N/A       100%        7


Dungeon Overview and Level Annotations

Branches:
Dungeon (5/15)
 Temple: D:4-7

Altars:
Kikubaaqudgha
Makhleb
Ru

Shops:
D:3 *   D:4 *


Innate Abilities, Weirdness & Mutations

You cannot be hasted, slowed, berserked, paralysed or teleported.
You can dig through walls and to a lower floor.
You have a pair of large antennae on your head. (SInv)
Your four strong arms can wield two-handed weapons with a shield.


Message History

The troll barely misses you. The troll closely misses you.
You block the adder's attack. The troll bites you. The troll claws you.
The troll barely misses you.
You hit the troll.
The troll is moderately wounded.
You hit the adder. The adder bites you but does no damage.
The troll barely misses you. x2; The troll claws you!
You block the adder's attack.
You slash the troll!
The troll is heavily wounded.
You barely miss the adder. The adder bites you but does no damage.
You block the troll's attack. The troll claws you!
The troll claws you but does no damage.
You slash the troll!
The troll is almost dead.
You hit the adder.
You kill the adder!
The troll bites you!
* * * LOW HITPOINT WARNING * * *
The troll claws you.
* * * LOW HITPOINT WARNING * * *
The troll claws you but does no damage.
You feel better. The troll bites you.
* * * LOW HITPOINT WARNING * * *
The troll claws you but does no damage. The troll claws you!
* * * LOW HITPOINT WARNING * * *
You feel better. The troll barely misses you. The troll claws you.
* * * LOW HITPOINT WARNING * * *
The troll claws you.
* * * LOW HITPOINT WARNING * * *
Unknown command.
You feel better. The troll bites you but does no damage. The troll claws you.
* * * LOW HITPOINT WARNING * * *
The troll closely misses you.
You closely miss the troll.
The troll is severely wounded.
The troll bites you but does no damage. The troll claws you!
* * * LOW HITPOINT WARNING * * *
The troll claws you!
You die...

##########.....#
#..#$..........#
#.)..........#
#...>........#
#.......>....#
##..###..##..#
####?.#
######..#
#.....# ##...
#...@.# ####
#..†T†# #.....#
###...# #...#
#.(.# #....
#.<..


You could see a troll.

Vanquished Creatures
  An ogre (D:4)
  A bombardier beetle (D:3)
  2 hounds (D:4)
  2 orc priests
  2 iguanas
  2 orc wizards (D:4)
  7 adders
  3 dart slugs
  A ribbon worm (D:4)
  22 orcs
  7 ball pythons
  5 bats
  8 endoplasms
  5 giant cockroaches
  6 goblins
  8 hobgoblins
  4 quokkas
  2 frilled lizards (D:3)
  6 kobolds
  6 rats
100 creatures vanquished.

Notes
Turn   | Place    | Note
-------+----------+-------------------------------------------
     0 | D:1      | lonewolfV2 the Formicid Fighter began the quest for the
                  | Orb.
     0 | D:1      | Reached XP level 1. HP: 18/18 MP: 1/1
   236 | D:1      | Reached XP level 2. HP: 24/24 MP: 2/2
   953 | D:2      | Reached XP level 3. HP: 29/29 MP: 3/3
  1164 | D:2      | Reached XP level 4. HP: 36/36 MP: 4/4
  1338 | D:3      | Found a burning altar of Makhleb.
  1461 | D:3      | Reached skill level 4 in Fighting
  1461 | D:3      | Reached XP level 5. HP: 12/42 MP: 5/5
  1878 | D:3      | Identified the +2 helmet "Qaud" {^Contam Rampage Int+6}
  2089 | D:3      | Found Dityma's General Store.
  2107 | D:3      | Bought a potion of curing for 30 gold pieces
  2134 | D:3      | Found a sacrificial altar of Ru.
  2631 | D:4      | Reached XP level 6. HP: 40/49 MP: 6/6
  2703 | D:4      | Reached skill level 5 in Fighting
  3015 | D:4      | Reached skill level 5 in Axes
  3042 | D:4      | Found Bidegu's Assorted Antiques.
  3150 | D:4      | Found an ancient bone altar of Kikubaaqudgha.
  3445 | D:5      | Entered Level 5 of the Dungeon
  3445 | D:5      | Noticed an ogre
  3456 | D:4      | Reached XP level 7. HP: 44/56 MP: 7/7
  3575 | D:5      | Reached skill level 6 in Fighting
  3620 | D:5      | Noticed a troll
  3634 | D:5      | Mangled by a troll

Illustrated notes

Levels and vault maps discovered:
D:1:      nicolae_arrival_washed_ashore, layout_loops_corners, st_stairs_13,
          hangedman_glass_teeth
D:2:      layout_rooms, nicolae_kite_square_tiling_tiny
D:3:      layout_loops_corners, bloody_makhleb, nicolae_ru_sacrificial_ziggurat,
          serial_shops, shop, nicolae_underground_beach
D:4:      layout_loops_ring, mainiacjoe_overflow_small_starburst, serial_shops,
          nicolae_stop_n_shop_2
D:5:      layout_gridville, pdpol_temple_overflow_zin_treasury_gozag_greed

Skill      XL: |  1  2  3  4  5  6  7 |
---------------+----------------------+-----
Axes           | 3 4 5 |  5.6
Fighting       | 4 5 6 |  6.1
Armour         | |  3.7
Dodging        | |  0.3
Shields        | |  4.2

Action                     |  1- 3 |  4- 6 |  7- 9 || total
---------------------------+-------+-------+-------++-------
  Melee: War axe           |    56 |   163 |    23 ||   242
    Use: Scroll            |     3 |     9 |       ||    12
         Potion            |       |     3 |     3 ||     6
 Armour: Scale mail        |    47 |   119 |    34 ||   200
  Dodge: Dodged            |    32 |    76 |    18 ||   126
  Block: Buckler           |    16 |    49 |    13 ||    78
